 Dungeon Crawl Stone Soup version 0.24.0-123-gd5b16e6ec5 (webtiles) character file.

Game seed: 17111618024534469383, levelgen mode: deterministic

189 Curus the Spear-Bearer (level 5, 0/38 HPs)
             Began as a Merfolk Gladiator on Jan 27, 2020.
             Succumbed to an adder's poison
             ... on level 3 of the Dungeon.
             The game lasted 00:06:51 (2719 turns).

Curus the Spear-Bearer (Merfolk Gladiator)          Turns: 2719, Time: 00:06:52

Health: 0/38       AC:  6    Str: 14    XL:     5   Next: 68%
Magic:  5/5        EV: 14    Int:  8    God:
Gold:   109        SH:  0    Dex: 16    Spells: 4/4 levels left

rFire    . . .     SeeInvis .   a - +0 trident
rCold    . . .     Gourm    .   (no shield)
rNeg     . . .     Faith    .   b - +0 leather armour
rPois    .         Spirit   .   c - +1 helmet
rElec    .         Reflect  .   h - +0 cloak
rCorr    .         Harm     .   (no gloves)
MR       .....     Clarity  +   (no boots)
Stlth    +.........             g - amulet of rage (curse)
HPRegen  0.12/turn              (no ring)
MPRegen  0.09/turn              (no ring)

@: lethally poisoned (0 -> -12)
A: change form in water, swift swim, stealthy swim, iridescent scales 1,
clarity, deformed body, wild magic 1
a: Evoke Berserk Rage


You were on level 3 of the Dungeon.
You were not hungry.

You visited 1 branch of the dungeon, and saw 3 of its levels.

You collected 109 gold pieces.

Inventory:

Hand Weapons
 a - a +0 trident (weapon)
Missiles
 d - 3 throwing nets (quivered)
Armour
 b - a +0 leather armour (worn)
 c - a +1 helmet (worn)
 h - a +0 cloak (worn)
Jewellery
 g - a cursed amulet of rage (around neck)
Scrolls
 e - a scroll of fog
 i - a scroll of remove curse
Comestibles
 f - 5 rations


   Skills:
 - Level 2.1 Fighting
 + Level 9.0 Polearms
 - Level 2.0 Throwing
 - Level 4.0 Dodging


You had 4 spell levels left.
You didn't know any spells.
Your spell library contained the following spells:

 Spells                   Type           Power        Failure   Level  Hunger
 Corona                   Hex            #......      58%         1    ##.....
 Ensorcelled Hibernation  Hex/Ice        #.....       71%         2    ###....
 Confuse                  Hex            #.......     90%         3    ####...
 Dazzling Spray           Conj/Hex       #.....       90%         3    ####...
 Tukima's Dance           Hex            #.......     90%         3    ####...


Dungeon Overview and Level Annotations

Branches:
Dungeon (3/15)

Altars:


Innate Abilities, Weirdness & Mutations

You revert to your normal form in water.
You are very nimble and swift while swimming.
You are very stealthy in the water. (Stealth+)
You are partially covered in iridescent scales. (AC +2)
You possess an exceptional clarity of mind.
Armour fits poorly on your strangely shaped body.
Your spells are a little harder to cast, but a little more powerful.


Message History

* * * LOW HITPOINT WARNING * * *
You are lethally poisoned!
The adder poisons you!
You miss the adder.
The adder is almost dead.
The adder misses you.
You completely miss the adder.
The adder is severely wounded.
* * * LOW HITPOINT WARNING * * *
You feel sick. The adder closely misses you.
You hit the adder.
The adder is almost dead.
The adder bites you.
* * * LOW HITPOINT WARNING * * *
You are more poisoned.
The adder poisons you!
Unknown command.
You barely miss the adder.
The adder is almost dead.
You die...

##.....+.. .#
........#.. ..#
........#.# #+#.##
........#.###@#..#
............#S#..####
..........(..w....... .
........#.#.#.#..###...
....>..................
.......<#.#............
#+#...........#..#..$##
#..#...............#
.... #..#.#####.#...≈#


You could see a worm and an adder.

Vanquished Creatures
  Crazy Yiuf (D:2)
  Natasha (twice) (D:2)
  4 adders
  3 gnolls (D:2)
  An ooze (D:1)
  A worm (D:2)
  A dart slug (D:1)
  A leopard gecko (D:2)
  A giant cockroach (D:2)
  3 goblins (D:2)
  5 hobgoblins
  8 kobolds
  A quokka (D:2)
  4 bats
  4 frilled lizards
  5 rats
45 creatures vanquished.

Notes
Turn   | Place    | Note
-------+----------+-------------------------------------------
     0 | D:1      | Curus the Merfolk Gladiator began the quest for the Orb.
     0 | D:1      | Reached XP level 1. HP: 16/16 MP: 1/1
   112 | D:1      | Reached skill level 5 in Polearms
   148 | D:1      | Reached XP level 2. HP: 22/22 MP: 2/2
   268 | D:1      | Gained mutation: Armour fits poorly on your strangely
                  | shaped body. [potion of mutation]
   268 | D:1      | Gained mutation: Your flesh is heat resistant. (rF+)
                  | [potion of mutation]
   268 | D:1      | Gained mutation: Scrolls take you a little longer to read.
                  | [potion of mutation]
   268 | D:1      | Gained mutation: Your spells are a little harder to cast,
                  | but a little more powerful. [potion of mutation]
   810 | D:2      | Reached skill level 6 in Polearms
   810 | D:2      | Reached XP level 3. HP: 27/27 MP: 3/3
  1551 | D:2      | Reached skill level 7 in Polearms
  1551 | D:2      | Reached XP level 4. HP: 18/33 MP: 4/4
  1563 | D:2      | HP: 1/33 [gnoll/+0 club (5)]
  1948 | D:2      | Noticed Natasha
  1958 | D:2      | Killed Natasha
  2035 | D:2      | Reached skill level 8 in Polearms
  2152 | D:2      | Found a runed translucent door.
  2153 | D:2      | Noticed Crazy Yiuf
  2169 | D:2      | Noticed Natasha
  2178 | D:2      | Killed Natasha
  2178 | D:2      | Reached XP level 5. HP: 27/38 MP: 5/5
  2300 | D:2      | Killed Crazy Yiuf
  2423 | D:3      | Noticed a big kobold
  2423 | D:3      | Noticed a big kobold
  2480 | D:2      | HP: 1/38 [poisoned by an adder]
  2683 | D:2      | Lost mutation: Scrolls take you a little longer to read.
                  | [potion of mutation]
  2683 | D:2      | Lost mutation: Your flesh is heat resistant. (rF+) [potion
                  | of mutation]
  2683 | D:2      | Gained mutation: You are partially covered in iridescent
                  | scales. (AC +2) [potion of mutation]
  2683 | D:2      | Gained mutation: You possess an exceptional clarity of
                  | mind. [potion of mutation]
  2708 | D:3      | Reached skill level 9 in Polearms
  2718 | D:3      | HP: 1/38 [adder (3)]
  2719 | D:3      | Succumbed to an adder's poison

Levels and vault maps discovered:
D:1:      lightli_arrival_statue_moat, layout_basic, kennysheep_minor_cross,
          minmay_fountain_box, minmay_pentomino_o4
D:2:      layout_basic, uniq_natasha, uniq_crazy_yiuf_cottage
D:3:      minmay_goblin_kobold_castle, layout_basic, lightli_sewer_entry_pipes,
          first_ration

Skill      XL: |  1  2  3  4  5 |
---------------+----------------+-----
Polearms       | 5 6 7 8 9 |  9.0
Fighting       | |  2.1
Throwing       | |  2.0
Dodging        | |  4.0

Action                   |  1- 3 |  4- 6 || total
-------------------------+-------+-------++-------
Melee: Trident           |   107 |    95 ||   202
Throw: Throwing net      |       |     1 ||     1
  Use: Scroll            |     5 |     1 ||     6
       Potion            |     3 |     2 ||     5
 Stab: Sleeping          |     1 |     1 ||     2
  Eat: Chunk             |     1 |     5 ||     6
Armor: Leather armour    |    11 |    14 ||    25
Dodge: Dodged            |    51 |    71 ||   122
